AoeStats
← tomwilmore

Arena

510429424Analyzed
1v1 RM · 20h ago on Oct 1, 2026· 21m 38s· 2 players
Game mode
Random Map
Map size
Tiny (2 player)
Population
200
Speed
Normal
Resources
Standard
Victory
Conquest
Starting age
Dark Age
Ending age
Imperial Age
RankedLock teamsTeams togetherTeam positionsShared explorationLock speedFull tech treeHidden civsTurbo modeCheats
Victory
Defeat
🇬🇧 Inca · United Kingdom
625
+24
🇲🇽 Chinese · Mexico
541
-22
ramosdos
12:59 Feudal Age
14:43 Wheelbarrow
16:23 Double-Bit Axe
20:46 Castle Age
18:50 Horse Collar
19:07 Stone Mining
19:07 Gold Mining
tomwilmore
8:57 Loom
12:36 Feudal Age
14:45 Double-Bit Axe
17:10 Fletching
20:04 Castle Age
19:02 Horse Collar
21:23 Thumb Ring
20:55 Crossbowman
Connection lost

Rejoining the realm…

Still unreachable

The connection could not be restored.

Session expired

The server has moved on; the page needs a fresh start.